 Dungeon Crawl Stone Soup version 0.21-a0-314-gb3271ec (webtiles) character file.

831 tilp the Firebug (level 7, 0/50 HPs)
             Began as a Hill Orc Fire Elementalist on Sept 29, 2017.
             Was a Follower of Okawaru.
             Slain by an orc
             ... wielding a +0 flail
              (9 damage)
             ... on level 5 of the Dungeon.
             The game lasted 00:14:18 (3865 turns).

tilp the Firebug (Hill Orc Fire Elementalist)       Turns: 3865, Time: 00:14:19

Health: 0/50       AC:  6    Str: 11    XL:     7   Next: 98%
Magic:  2/13       EV: 12    Int: 17    God:    Okawaru [*.....]
Gold:   297        SH:  0    Dex: 11    Spells: 4/14 levels left

rFire    . . .     SeeInvis .   a - +2 war axe (freeze)
rCold    . . .     Gourm    .   (no shield)
rNeg     . . .     Faith    .   g - +0 robe
rPois    .         Spirit   .   m - +2 hat
rElec    .         Reflect  .   n - +1 cloak
rCorr    .         Harm     .   (no gloves)
MR       .....                  (no boots)
Stlth    ++........             (no amulet)
HPRegen  0.16/turn              (no ring)
MPRegen  0.13/turn              (no ring)

@: no status effects
A: no striking features
a: Heroism, Renounce Religion


You were on level 5 of the Dungeon.
You worshipped Okawaru.
Okawaru was aware of your devotion.
You were not hungry.

You visited 1 branch of the dungeon, and saw 5 of its levels.

You collected 297 gold pieces.

Inventory:

Hand Weapons
 a - a +2 war axe of freezing (weapon)
 b - a +2 hunting sling of velocity
 e - a +1 short sword of flaming
Missiles
 q - 45 sling bullets
Armour
 g - a +0 robe (worn)
 m - a +2 hat (worn)
 n - a +1 cloak (worn)
Jewellery
 y - a cursed ring of loudness {unknown}
 B - a +1 ring of evasion {unknown}
Scrolls
 f - 2 scrolls of amnesia
 h - 4 scrolls of teleportation
 l - a scroll of identify
 w - 3 scrolls of blinking
Potions
 d - a potion of might {unknown}
 o - a potion of brilliance
 p - a potion of heal wounds {unknown}
 s - a potion of lignification {unknown}
 t - a potion of invisibility {unknown}
 u - 2 potions of haste {unknown}
 x - 2 potions of flight
 z - 2 potions of resistance {unknown}
Books
 j - a book of Flames

   Spells                             Type                      Level
   a - Flame Tongue                   Conjuration/Fire             1
   b - Throw Flame                    Conjuration/Fire             2
   c - Conjure Flame                  Conjuration/Fire             3
   d - Inner Flame                    Hexes/Fire                   3
   e - Sticky Flame                   Conjuration/Fire             4
   f - Fireball                       Conjuration/Fire             5
Comestibles
 c - 7 bread rations
 i - 8 meat rations
 r - 3 royal jellies


   Skills:
 - Level 1.5 Dodging
 - Level 1.5 Stealth
 + Level 4.1 Spellcasting
 + Level 5.1 Conjurations
 + Level 6.2 Fire Magic


You had 4 spell levels left.
You knew the following spells:

 Your Spells              Type           Power        Failure   Level  Hunger
a - Flame Tongue          Conj/Fire      ###..        1%          1    None
b - Throw Flame           Conj/Fire      ###...       2%          2    ##.....
c - Conjure Flame         Conj/Fire      ###.....     4%          3    ###....
d - Sticky Flame          Conj/Fire      ###.....     16%         4    ####...


Dungeon Overview and Level Annotations

Branches:
Dungeon (5/15)
 Temple: D:4-7

Altars:
Okawaru
Trog
Yredelemnul

Portals:
Sewer: D:5

Annotations:
D:4 Totori's ghost, novice GnWn


Message History

Unknown command.
You barely miss the orc priest.
The orc priest is almost dead.
You closely miss the orc wizard.
The orc wizard hits you but does no damage.
The orc priest hits you but does no damage.
The orc wizard casts a spell at you. The magic dart hits you!
* * * LOW HITPOINT WARNING * * *
The orc priest hits you with a hand axe.
* * * LOW HITPOINT WARNING * * *
You closely miss the orc priest.
The orc priest is severely wounded.
You closely miss the orc wizard. The orc priest misses you.
Unknown command.
You slash the orc priest! You freeze the orc priest.
You kill the orc priest!
Okawaru accepts your kill.
You hit the orc. You freeze the orc. The orc hits you with a flail!
You die...

###........#
#..........#
#.#######..#
#.#S≈≈≈≈#..####
#.+SS∩≈≈#......
#.#Sss≈≈#.##...
#.#######)##...
####.......(..# ..
#@ol##..#.###.....
##o)###...# ##...
#..W....## ...
####.#..<# ##
...#.#........
......####..W..
........# ####
........o
........#


You could see a phantom, an iguana, an orc wizard, an orc and a giant cockroach
(wandering).

Vanquished Creatures
  Menkaure (D:4)
  3 ogres
  A centaur (D:5)
  2 scorpions
  A hound (D:5)
  An orc priest (D:5)
  A jelly (D:5)
  An orc wizard (D:5)
  2 worker ants (D:4)
  A gnoll (D:1)
  An adder (D:5)
  An adder skeleton (D:5)
  A worm (D:2)
  2 dart slugs (D:1)
  3 leopard geckos
  5 orcs
  3 giant cockroaches (D:4)
  18 goblins
  8 hobgoblins
  4 jackals (D:4)
  8 bats
  A frilled lizard (D:3)
  6 kobolds
  A quokka skeleton (D:4)
  6 rats
  A spectral orc (D:4)
83 creatures vanquished.

Vanquished Creatures (others)
  A wizard (D:4)
1 creature vanquished.

Grand Total: 84 creatures vanquished

Notes
Turn   | Place    | Note
-------+----------+-------------------------------------------
     0 | D:1      | tilp the Hill Orc Fire Elementalist began the quest for the Orb.
     0 | D:1      | Reached XP level 1. HP: 14/14 MP: 3/3
   225 | D:1      | Reached XP level 2. HP: 20/20 MP: 1/4
   545 | D:1      | Reached XP level 3. HP: 26/26 MP: 4/6
   549 | D:1      | Learned a level 2 spell: Throw Flame
   553 | D:1      | Learned a level 3 spell: Conjure Flame
  1371 | D:2      | Reached skill level 4 in Fire Magic
  1371 | D:2      | Reached XP level 4. HP: 28/33 MP: 7/7
  2065 | D:3      | Found a bloodstained altar of Trog.
  2088 | D:3      | Noticed an ogre
  2144 | D:3      | Killed an ogre
  2144 | D:3      | Reached XP level 5. HP: 38/38 MP: 0/8
  2859 | D:4      | Found a basalt altar of Yredelemnul.
  2910 | D:4      | Noticed Menkaure
  2915 | D:4      | Killed Menkaure
  2915 | D:4      | Reached skill level 5 in Fire Magic
  2915 | D:4      | Reached XP level 6. HP: 43/45 MP: 5/10
  3087 | D:4      | Reached XP level 7. HP: 50/50 MP: 6/12
  3221 | D:4      | Found an iron altar of Okawaru.
  3226 | D:4      | Became a worshipper of Warmaster Okawaru
  3250 | D:4      | Found a bloodstained altar of Trog.
  3491 | D:4      | Noticed a wizard
  3494 | D:4      | Killed a wizard
  3520 | D:4      | Learned a level 4 spell: Sticky Flame
  3521 | D:5      | Entered Level 5 of the Dungeon
  3749 | D:4      | Noticed Totori's ghost (novice GnWn)
  3768 | D:5      | Found a glowing drain.
  3784 | D:5      | Reached skill level 6 in Fire Magic
  3837 | D:5      | Reached skill level 5 in Conjurations
  3858 | D:5      | Reached * piety under Okawaru
  3865 | D:5      | Slain by an orc

Vault maps used:
D:1:      kennysheep_arrival_forest
D:3:      lightli_temple_of_fire, minmay_ogre_servants
D:4:      yredelemnul_forgotten_temple_becter, marbit_many_paths, first_bread,
          serial_glass, glass_columns_c, glass_columns_b, glass_columns_b,
          glass_columns_c, glass_columns_a, glass_columns_a, glass_columns_a,
          glass_columns_a, glass_columns_c, glass_columns_b, glass_columns_a,
          glass_columns_a, glass_columns_b, glass_columns_a, trog_wizard,
          uniq_menkaure
D:5:      gammafunk_temple_overflow_pools, old_standard_altar,
          gup_sewer_entry_glass

Skill      XL: |  1  2  3  4  5  6  7 |
---------------+----------------------+-----
Spellcasting   | 2 3 4 |  4.1
Conjurations   | 2 3 4 5 |  5.1
Fire Magic     | 4 5 6 |  6.2
Dodging        | |  1.5
Stealth        | |  1.5

Action                   |  1- 3 |  4- 6 |  7- 9 || total
-------------------------+-------+-------+-------++-------
Melee: Whip              |     6 |       |       ||     6
       Dagger            |    18 |       |       ||    18
       Short sword       |     8 |     4 |       ||    12
       War axe           |       |       |    20 ||    20
 Fire: Hunting sling     |    41 |    47 |    14 ||   102
 Cast: Flame Tongue      |    28 |    25 |    37 ||    90
       Conjure Flame     |       |     3 |     2 ||     5
       Sticky Flame      |       |       |     1 ||     1
  Use: Scroll            |       |     6 |     2 ||     8
       Potion            |       |       |     4 ||     4
 Stab: Sleeping          |     3 |       |       ||     3
  Eat: Chunk             |     2 |     5 |     3 ||    10
Armor: Robe              |    10 |     1 |    11 ||    22
Dodge: Dodged            |    29 |     9 |    29 ||    67

Table legend:
 A = Spawn XP
 B = Non-spawn XP
 C = Spawn XP percentage of total XP
 D = Spawn monster count
 E = Non-spawn monster count
 F = Spawn count percentage of total count
 G = Total turns spent on level
                    A         B        C        D         E        F      G
               +---------+---------+-------+---------+---------+-------+---------
         Total |       0 |    1188 |   0.0 |       0 |      83 |   0.0 |  3865
               +---------+---------+-------+---------+---------+-------+---------
           D:1 |       0 |      51 |   0.0 |       0 |      21 |   0.0 |   915
           D:2 |       0 |      31 |   0.0 |       0 |      15 |   0.0 |   914
           D:3 |       0 |     160 |   0.0 |       0 |      19 |   0.0 |   786
           D:4 |       0 |     571 |   0.0 |       0 |      15 |   0.0 |   953
           D:5 |       0 |     375 |   0.0 |       0 |      13 |   0.0 |   297
               +---------+---------+-------+---------+---------+-------+---------
